 Seeded DCSS version 0.29.1-2-gbd0b4ee654 (webtiles) character file.

Game seed: 1 (custom seed)

605 qeuew the Trooper (level 7, 63/63 HPs)
             Began as a Palentonga Fighter on Nov 15, 2022.
             Quit the game on level 4 of the Dungeon.
             The game lasted 00:03:23 (3718 turns).

qeuew the Trooper (Palentonga Fighter)              Turns: 3718, Time: 00:03:24

Health: 63/63      AC: 14    Str: 21    XL:     7   Next: 19%
Magic:  7/7        EV:  7    Int: 10    God:
Gold:   324        SH:  5    Dex: 12    Spells: 6/6 levels left

rFire   . . .      SeeInvis +   a - +0 war axe
rCold   + . .      Faith    .   c - +0 buckler
rNeg    + . .      Spirit   .   b - +0 scale mail
rPois   .          Reflect  .   (no helmet)
rElec   .          Harm     .   (no cloak)
rCorr   +          Rampage  .   (no gloves)
Will    .....                   g - +2 barding of Indecent Exposure {rC+ rCorr Int+2}
Stlth   ..........              f - amulet of the acrobat
HPRegen 0.20/turn               h - ring of positive energy
MPRegen 0.10/turn               (no ring)

@: no status effects
A: large, rugged brown scales 3, see invisible, deformed body, roll 1, armoured
tail, reflexive curl
a: Rolling Charge


You were on level 4 of the Dungeon.
You visited 1 branch of the dungeon, and saw 4 of its levels.

You collected 324 gold pieces.

Inventory:

Hand Weapons
 a - a +0 war axe (weapon)
Armour
 b - a +0 scale mail (worn)
 c - a +0 buckler (worn)
 g - the +2 barding of Indecent Exposure (worn) {rC+ rCorr Int+2}
   (You acquired it on level 1 of the Dungeon)

   Int:       It affects your intelligence (+2).
   rC:        It protects you from cold.
   rCorr:     It protects you from acid and corrosion.
Jewellery
 f - an amulet of the acrobat (around neck)
 h - a ring of positive energy (left hand)
Scrolls
 e - a scroll of magic mapping
 m - a scroll of teleportation
Potions
 i - 2 potions of berserk rage
 l - a potion of ambrosia
 n - a potion of haste


   Skills:
 + Level 6.7 Fighting
 + Level 6.3 Axes
 + Level 5.6 Armour
 + Level 4.8 Dodging
 + Level 6.1 Shields


You had 6 spell levels left.
You didn't know any spells.
Your spell library contained the following spells:

 Spells                   Type           Power      Damage    Failure   Level
 Apportation              Tloc           0%         N/A       75%         1
 Necrotise                Necr           0%         1d4       75%         1
 Sting                    Tmut/Pois      0%         1d3       75%         1
 Summon Small Mammal      Summ           0%         N/A       75%         1
 Poisonous Vapours        Pois/Air       0%         N/A       87%         2
 Olgreb's Toxic Radiance  Pois           0%         N/A       100%        4
 Fireball                 Conj/Fire      0%         3d3       100%        5
 Iskenderun's Battlesphe  Conj           0%         2d6       100%        5
 Conjure Ball Lightning   Conj/Air       0%         3x3d6     100%        6
 Orb of Destruction       Conj           0%         9d5       100%        7


Dungeon Overview and Level Annotations

Branches:
Dungeon (4/15)
 Temple: D:4-7

Altars:
Hepliaklqana

Shops:
D:3 (


Innate Abilities, Weirdness & Mutations

You are completely covered in rugged brown scales. (AC +3, +7% HP)
You have supernaturally acute eyesight. (SInv)
Armour fits poorly on your strangely shaped body.
You can roll at nearby foes to attack.
You have a long armoured tail.
You curl defensively after being hit. (AC +7*)


Message History

There's nothing you can charge at!
Things that are here:
a +0 dagger; a goblin corpse A goblin comes into view.
It is wielding a +0 club.
The goblin shouts!
There's nothing you can charge at!
A goblin is nearby!
You slash the goblin!
You kill the goblin!
There's nothing you can charge at!
You see here a +0 club.
Done exploring.
No target in view!
There's nothing you can charge at!
Done exploring.
No target in view!
There's nothing you can charge at!
Done exploring.
No target in view!
There's nothing you can charge at!
Done exploring.
As you read the scroll of identify, it crumbles to dust.
e - a scroll of magic mapping
As you read the scroll of identify, it crumbles to dust.
j - a scroll of noise
As you read the scroll of identify, it crumbles to dust.
k - a scroll of poison
As you read the scroll of identify, it crumbles to dust.
l - a potion of ambrosia
As you read the scroll of identify, it crumbles to dust.
o - a potion of lignification
As you read the scroll of identify, it crumbles to dust.
m - a scroll of teleportation You drop a scroll of noise.
You drop a scroll of poison.
You drop a potion of lignification.
Are you sure you want to abandon this character and quit the game? (Confirm with "yes".)
Okay, then.
Unknown command.
Are you sure you want to abandon this character and quit the game? (Confirm with "yes".)

#.#.#.#.#......#
#.#.#.#.######.#
#.#.#.#......#.#
#.#.#.######.#.#
#...#.######.#.#
#####.......(#.#
#############..#.#
#..............#.#
#@############.#.#
#.#<.......# #.#.#
#.########.###>#.#
#.########.....#..
#.##........##....
#.................
####........##....
#.....รท..##....
#....)...##....


There were no monsters in sight!

Vanquished Creatures
  3 scorpions (D:4)
  A hound (D:4)
  An orc priest (D:3)
  An iguana (D:4)
  Robin (D:3)
  3 gnolls (D:2)
  6 adders
  3 worms
  5 orcs
  11 endoplasms
  A giant cockroach (D:1)
  16 goblins
  9 hobgoblins
  A jackal (D:4)
  4 kobolds
  A quokka (D:1)
  5 ball pythons
  4 bats
  3 frilled lizards
  6 rats
85 creatures vanquished.

Notes
Turn   | Place    | Note
-------+----------+-------------------------------------------
     0 | D:1      | qeuew the Palentonga Fighter began the quest for the Orb.
     0 | D:1      | Reached XP level 1. HP: 19/19 MP: 1/1
   246 | D:1      | Reached XP level 2. HP: 21/25 MP: 2/2
   826 | D:1      | Identified a scroll of acquirement
   826 | D:1      | Acquired the +2 barding of Indecent Exposure {rC+ rCorr
                  | Int+2}
   893 | D:2      | Reached XP level 3. HP: 27/31 MP: 3/3
  1004 | D:2      | Reached skill level 1 in Dodging
  1298 | D:2      | Reached XP level 4. HP: 37/37 MP: 4/4
  2127 | D:3      | Found Umat's Antique Weapon Boutique.
  2193 | D:3      | Noticed Robin
  2202 | D:3      | Killed Robin
  2508 | D:3      | Reached XP level 5. HP: 39/44 MP: 5/5
  2732 | D:3      | Reached skill level 5 in Armour
  2732 | D:3      | Reached skill level 5 in Shields
  2732 | D:3      | Reached XP level 6. HP: 56/56 MP: 6/6
  3084 | D:4      | Found a hazy altar of Hepliaklqana.
  3211 | D:4      | Gained mutation: You curl defensively after being hit. (AC
                  | +7*) [Palentonga growth]
  3211 | D:4      | Reached XP level 7. HP: 63/63 MP: 7/7
  3718 | D:4      | Quit the game

Illustrated notes

Levels and vault maps discovered:
D:1:      dpeg_arrival_three_smaller_balls, layout_basic
D:2:      layout_loops_ring
D:3:      layout_basic, serial_shops, nicolae_shop_stone, st_stairs_9,
          minmay_misc_feat_doors, eino_curves_03, uniq_robin
D:4:      minmay_wonky_spiral, layout_basic,
          mainiacjoe_overflow_surrounded_room, minivault_5

Skill      XL: |  1  2  3  4  5  6 |
---------------+-------------------+-----
Shields        | 3 5 6 |  6.1
Dodging        | 1 4 |  4.8
Armour         | 3 5 |  5.6
Axes           | 6 |  6.3
Fighting       | 6 |  6.7

Action                   |  1- 3 |  4- 6 |  7- 9 || total
-------------------------+-------+-------+-------++-------
Melee: War axe           |    57 |   108 |    20 ||   185
       Tailslap          |     4 |    13 |     4 ||    21
 Abil: Rolling Charge    |    14 |    29 |     3 ||    46
  Use: Potion            |     4 |     1 |       ||     5
       Scroll            |     1 |     4 |     6 ||    11
Armor: Scale mail        |    29 |    77 |     2 ||   108
Dodge: Dodged            |    11 |    37 |     4 ||    52
Block: Buckler           |    10 |    18 |     3 ||    31
